 Dungeon Crawl Stone Soup version 0.20-a0-537-g052e6ba (webtiles) character file.

835 Ijustatesigmund the Covert (level 7, -8/33 HPs)
             Began as a Spriggan Assassin on Jan 27, 2017.
             Killed by divine providence
             ... invoked by an orc priest
              (16 damage)
             ... on level 5 of the Dungeon.
             The game lasted 00:11:24 (3310 turns).

Ijustatesigmund the Covert (Spriggan Assassin)      Turns: 3310, Time: 00:11:27

Health: -8/33      AC:  5    Str:  7    XL:     7   Next: 66%
Magic:  8/8        EV: 24    Int: 12    God:
Gold:   301        SH:  0    Dex: 20    Spells: 6/6 levels left

rFire    . . .     SeeInvis +   a - +3 dagger
rCold    . . .     Gourm    .   c - +0 robe
rNeg     . . .     Faith    .   (shield restricted)
rPois    .         Spirit   .   w - +2 hat
rElec    .         Reflect  .   d - +0 cloak
rCorr    .         Harm     .   (gloves unavailable)
MR       +....                  (boots unavailable)
Stlth    +++++.....             j - amulet of regeneration
Regen    0.6/turn               (no ring)
                                (no ring)

@: very quick
A: unfitting armour, see invisible, herbivore 3, speed 3, slow metabolism 2
a: no special abilities


You were on level 5 of the Dungeon.
You were hungry.

You visited 1 branch of the dungeon, and saw 5 of its levels.

You collected 301 gold pieces.

Inventory:

Hand Weapons
 a - a +3 dagger (weapon)
 b - a +0 blowgun
 s - a +1 vampiric dagger
 B - a +2 dagger of chaos
Missiles
 e - 33 poisoned needles
 f - a curare-tipped needle
 r - 2 silver tomahawks (quivered)
 t - 2 tomahawks
Armour
 c - a +0 robe (worn)
 d - a +0 cloak (worn)
 w - a +2 hat (worn)
Jewellery
 j - an amulet of regeneration (around neck)
Wands
 q - a wand of disintegration (20/24)
 C - a wand of disintegration (15/24)
Scrolls
 k - 2 scrolls of recharging
 u - 2 scrolls of remove curse
 y - 2 scrolls of magic mapping
Potions
 h - 2 potions of might
 l - 2 potions of heal wounds
 n - 3 potions of curing
 o - 2 potions of haste {unknown}
 p - a potion of cancellation {unknown}
 x - a potion of lignification {unknown}
 z - a potion of invisibility {unknown}
 A - a potion of degeneration {unknown}
Books
 v - a book of Callings

   Spells                             Type                      Level
   a - Summon Small Mammal            Summoning                    1
   b - Call Imp                       Summoning                    2
   c - Call Canine Familiar           Summoning                    3
   d - Summon Guardian Golem          Hexes/Summoning              3
   e - Summon Lightning Spire         Summoning/Air                4
   f - Summon Ice Beast               Ice/Summoning                4
Comestibles
 g - 6 bread rations
 i - 3 fruits
 m - a royal jelly


   Skills:
 - Level 1.5 Fighting
 + Level 5.5 Short Blades
 - Level 2.0 Throwing
 + Level 7.7 Dodging
 + Level 9.6 Stealth


You had 6 spell levels left.
You didn't know any spells.

Dungeon Overview and Level Annotations

Branches:
Dungeon (5/15)
 Temple: D:4-7

Altars:
Hepliaklqana
Ru
Vehumet
Xom


Innate Abilities, Weirdness & Mutations

You are very small and have problems with some larger weapons.
You are too small for most types of armour.
You have supernaturally acute eyesight. (SInv)
You are a herbivore.
You cover ground extremely quickly.
You need consume almost no food.


Message History

You hit the goblin.
The goblin is moderately wounded.
The goblin completely misses you.
You barely miss the goblin.
The goblin is moderately wounded.
You barely miss the goblin.
The goblin is moderately wounded.
The goblin completely misses you.
The orc priest mumbles some strange prayers to Beogh against you.
Beogh smites you!
You hit the goblin.
You kill the goblin!
The orc priest casts a cantrip, but nothing happens.
You hit the scorpion but do no damage.
The orc priest mumbles some strange prayers to Beogh against you.
Beogh smites you!
* * * LOW HITPOINT WARNING * * *
The orc priest mumbles some strange prayers to Beogh against you.
Beogh smites you!
You die...

... ... ..#. .....#
.....### .#. .#...
...#... ... .... ##
...#..# .# .o#._. ..#
.....# .# #oo.. ....
#.)..##.# #...#.....
##.......# #./.......
.........## ##@s.....!
..........## ##..(..>...
...........###..?.......
...........##..#........
..............#.....$...
..............#.########
..............#.#
########........#
#......###


You could see a scorpion, 2 orc priests and an orc.

Vanquished Creatures
  Sigmund (D:3)
  A crimson imp (D:5)
  A jelly (D:5)
  2 hounds
  An iguana (D:5)
  A bullfrog skeleton (D:5)
  Jessica (D:3)
  Natasha (thrice) (D:3)
  2 orc wizards
  2 worker ants
  A hound zombie (D:5)
  A hound skeleton (D:4)
  Robin (D:3)
  3 gnolls (D:4)
  11 adders
  A worm (D:3)
  2 adder skeletons (D:4)
  3 dart slugs
  2 leopard geckos
  20 orcs
  2 giant cockroaches
  14 hobgoblins
  5 jackals
  8 kobolds
  A quokka (D:2)
  A ball python skeleton (D:4)
  6 bats
  3 frilled lizards
  23 goblins
  5 rats
128 creatures vanquished.

Notes
Turn   | Place    | Note
-------+----------+-------------------------------------------
     0 | D:1      | Ijustatesigmund the Spriggan Assassin began the quest for the Orb.
     0 | D:1      | Reached XP level 1. HP: 10/10 MP: 2/2
   220 | D:1      | Reached skill level 6 in Stealth
   283 | D:3      | Noticed Sigmund
   283 | D:3      | Noticed a worker ant
   286 | D:3      | Noticed Jessica
   287 | D:3      | Killed Sigmund
   287 | D:3      | Reached skill level 7 in Stealth
   287 | D:3      | Reached XP level 2. HP: 14/14 MP: 3/3
   287 | D:3      | Reached XP level 3. HP: 18/18 MP: 4/4
   287 | D:3      | Reached XP level 4. HP: 22/22 MP: 5/5
   287 | D:3      | Reached XP level 5. HP: 25/25 MP: 6/6
  1063 | D:2      | Found a faded altar of an unknown god.
  1443 | D:3      | Reached skill level 5 in Dodging
  1487 | D:2      | Reached XP level 6. HP: 27/30 MP: 7/7
  1608 | D:3      | Reached skill level 8 in Stealth
  2234 | D:4      | Found a sacrificial altar of Ru.
  2503 | D:3      | Killed Jessica
  2503 | D:3      | Reached skill level 5 in Short Blades
  2571 | D:3      | Noticed Natasha
  2587 | D:3      | Killed Natasha
  2590 | D:3      | Reached XP level 7. HP: 30/33 MP: 8/8
  2600 | D:3      | Noticed Natasha
  2612 | D:3      | Killed Natasha
  2616 | D:3      | Noticed Robin
  2675 | D:3      | Killed Robin
  2714 | D:3      | Reached skill level 9 in Stealth
  2834 | D:3      | Noticed Natasha
  2854 | D:3      | Killed Natasha
  2906 | D:5      | Entered Level 5 of the Dungeon
  2956 | D:5      | Found a hazy altar of Hepliaklqana.
  3071 | D:5      | Found a shimmering altar of Xom.
  3302 | D:5      | Found a radiant altar of Vehumet.
  3310 | D:5      | Killed from afar by an orc priest

Vault maps used:
D:1:      ncdulo_wetmaze, minmay_misc_feat_five
D:2:      chequers_ecumenical_altar_twisty, first_bread
D:3:      uniq_robin, uniq_natasha, uniq_jessica, uniq_sigmund
D:4:      kennysheep_little_box
D:5:      nicolae_overflow_crystal_walls, tgw_xom, lemuel_doored_altar,
          vehumet_altar_wand_db

Skill      XL: |  1  2  3  4  5  6  7 |
---------------+----------------------+-----
Stealth        | 7 8 9 |  9.6
Short Blades   | 3 4 5 |  5.5
Dodging        | 4 5 6 7 |  7.7
Fighting       | |  1.5
Throwing       | |  2.0

Action                   |  1- 3 |  4- 6 |  7- 9 || total
-------------------------+-------+-------+-------++-------
Melee: Dagger            |    13 |   321 |   236 ||   570
 Fire: Blowgun           |       |    11 |       ||    11
Throw: Tomahawk          |       |     4 |     2 ||     6
  Use: Scroll            |       |    10 |     2 ||    12
       Potion            |       |     1 |     1 ||     2
 Stab: Sleeping          |     2 |    16 |     5 ||    23
       Distracted        |       |     1 |       ||     1
Armor: Robe              |     3 |    29 |    14 ||    46
Dodge: Dodged            |     6 |   248 |   154 ||   408
